 Dungeon Crawl Stone Soup version 0.15.2 (webtiles) character file.

110 Amnesiac the Insei (level 4, -11/35 HPs)
             Began as a Mummy Monk on Dec 27, 2017.
             Splashed by a jelly's acid (14 damage)
             ... on Level 2 of the Dungeon.
             The game lasted 00:02:50 (2863 turns).

Amnesiac the Insei (Mummy Monk)                     Turns: 2863, Time: 00:02:51

HP -11/35        AC  0     Str 14      XL: 4   Next: 61%
MP   4/4         EV 13     Int  9      God:
Gold 146         SH  0     Dex 15      Spells:  0 memorised,  3 levels left

rFire  x . .     SeeInvis .       - Unarmed
rCold  + . .     Clarity  .     (no armour)
rNeg   + + +     rCorr    .     (no shield)
rPois  +         rRot     +     (no helmet)
rElec  .         Spirit   .     (no cloak)
SustAb .         Warding  .     (no gloves)
rMut   .         Stasis   .     (no boots)
Gourm  .                        (no amulet)
MR     .....                    (no ring)
                                (no ring)

@: not resistant to hostile enchantments, unstealthy
A: no food or potions, fire vulnerability, restore body, cold resistance 1,
negative energy resistance 3, poison resistance, torment resistance, unbreathing
a: no special abilities


You were on level 2 of the Dungeon.
You were not hungry.

You visited 1 branch of the dungeon, and saw 2 of its levels.

You collected 146 gold pieces.

Inventory:

Scrolls
 a - 3 scrolls of remove curse {unknown}
 b - a scroll of teleportation {unknown}
 c - a scroll of random uselessness {unknown}
 d - a scroll of noise {unknown}
 f - a scroll of amnesia {unknown}
 h - a scroll of identify {unknown}
Jewellery
 e - an uncursed ring of protection from cold {unknown}
 g - an uncursed ring of flight {unknown}


   Skills:
 - Level 3.0 Fighting
 - Level 2.4 Dodging
 - Level 1.5 Stealth
 + Level 5.0 Unarmed Combat


You had 3 spell levels left.
You didn't know any spells.

Dungeon Overview and Level Annotations

Branches:
Dungeon (2/15)

Altars:
Dithmenos
Xom


Innate Abilities, Weirdness & Mutations

You do not eat or drink.
Your flesh is vulnerable to fire.
Your flesh is cold resistant.
You are immune to negative energy.
Your system is resistant to poisons.
You are immune to unholy pain and torment.
You can survive without breathing.


Message History

You punch the rat!
You kill the rat!
No target in view!
There is an open door here.
You start resting.
HP restored.
You open the door. You hit the jelly.
Your hands burn!
The jelly is moderately wounded.
The jelly barely misses you.
You hit the jelly.
Your hands burn!
The jelly is heavily wounded.
The jelly hits you.
You are splashed with acid!
The acid burns!
You hit the jelly.
Your hands burn!
* * * LOW HITPOINT WARNING * * *
The jelly is severely wounded.
The jelly hits you.
* * * LOW HITPOINT WARNING * * *
You are splashed with acid!
The acid burns!
You die...

#############.### ##.# #.# #..
##.######## #.# #.#
##.##.....#####.#####.#
#..#..._...#.......##.#
###########.#.......#..........#
#...........#+##+##+####.##.####
#.#########.#.##.## ####.##.#
##%####...##.#'##J##+#.##.##.#
................@............####
.........[.#...........##........
)...%..................##########
..........##<.#.######.# #####
......###.##..#)# #.# #....
......###.##..#.# #.# #.###
.........[....#.# #.# #.# #
....###.#!#..##.# #.# #.# #
###.#........##.# #.# #.# #


You could see a jelly.

Vanquished Creatures
  A jelly (D:2)
  3 adders (D:2)
  A giant mite (D:2)
  2 worms (D:2)
  A giant gecko (D:2)
  An ooze (D:1)
  11 goblins
  4 hobgoblins
  A jackal (D:1)
  3 kobolds (D:1)
  A quokka (D:2)
  2 giant newts
  5 rats
36 creatures vanquished.

Vanquished Creatures (others)
  5 toadstools (D:1)
5 creatures vanquished.

Grand Total: 41 creatures vanquished

Notes
Turn   | Place    | Note
--------------------------------------------------------------
     0 | D:1      | Amnesiac, the Mummy Monk, began the quest for the Orb.
     0 | D:1      | Reached XP level 1. HP: 18/18 MP: 1/1
   576 | D:1      | Reached XP level 2. HP: 22/24 MP: 2/2
  1322 | D:1      | Reached skill level 4 in Unarmed Combat
  1419 | D:2      | Reached XP level 3. HP: 16/29 MP: 3/3
  1756 | D:2      | Found a shimmering altar of Xom.
  2258 | D:2      | Reached XP level 4. HP: 35/35 MP: 4/4
  2440 | D:2      | Found a shadowy altar of Dithmenos.
  2635 | D:2      | Reached skill level 5 in Unarmed Combat
  2863 | D:2      | Splashed by a jelly's acid

Action                   |  1- 3 |  4- 6 || total
-------------------------+-------+-------++-------
Melee: Unarmed           |   143 |    15 ||   158
 Stab: Sleeping          |     5 |       ||     5
       Distracted        |       |     1 ||     1
